 Dungeon Crawl Stone Soup version 0.30-a0-1164-ge08a67761e (webtiles) character file.

Game seed: 2924525141405158972

141 FlurksSlurper the Sneak (level 5, 0/39 HPs)
             Began as a Demonspawn Brigand on Apr 29, 2023.
             Slain by a goblin
             ... wielding a +0 dagger
             ... led by Robin
              (5 damage)
             ... on level 3 of the Dungeon.
             The game lasted 00:03:48 (1776 turns).

FlurksSlurper the Sneak (Demonspawn Brigand)        Turns: 1776, Time: 00:03:49

Health: 0/39       AC:  9    Str: 14    XL:     5   Next: 3%
Magic:  14/14      EV: 10    Int: 15    God:
Gold:   83         SH:  0    Dex: 14    Spells: 4/4 levels left

rFire   . . .        a - +2 dagger
rCold   . . .        (no shield)
rNeg    + . .        o - +3 ring mail of Dowdy Awe {rN+ MP+9 Str+3}
rPois   .            (no helmet)
rElec   .            c - +0 cloak
rCorr   .            (no gloves)
SInv    .            (no boots)
Will    .....        (no amulet)
Stlth   ++           (no ring)
HPRegen 0.26/turn    (no ring)
MPRegen 0.14/turn

%: no passive effects
@: no status effects
A: powered by pain 1, weakness stinger 1
a: no special abilities


You were on level 3 of the Dungeon.
You visited 1 branch of the dungeon, and saw 4 of its levels.

You collected 83 gold pieces.

Inventory:

Hand Weapons
 a - a +2 dagger (weapon)
 m - a +0 trident
Missiles
 d - 13 poisoned darts (quivered)
 e - 2 curare-tipped darts
Armour
 c - a +0 cloak (worn)
 o - the +3 ring mail of Dowdy Awe (worn) {rN+ MP+9 Str+3}
   (You found it on level 3 of the Dungeon)

   Str:       It affects your strength (+3).
   rN:        It protects you from negative energy.
   MP:        It affects your magic capacity (+9).
Scrolls
 b - 2 scrolls of magic mapping {unknown}
 j - 2 scrolls of identify {unknown}
 l - a scroll of enchant armour {unknown}
 n - 2 scrolls of teleportation {unknown}
 p - a scroll of amnesia {unknown}
Potions
 f - a potion of lignification
 g - a potion of invisibility {unknown}
 h - a potion of might {unknown}
 i - a potion of curing {unknown}
 k - 2 potions of haste
 q - a potion of attraction {unknown}


   Skills:
 * Level 2.7 Fighting
 + Level 2.5 Short Blades
 * Level 2.7 Throwing
 + Level 1.4 Armour
 + Level 1.1 Dodging
 + Level 4.3 Stealth


You had 4 spell levels left.
You didn't know any spells.
Your spell library contained the following spells:

 Spells                   Type           Power      Damage    Failure   Level
 Shock                    Conj/Air       0%         1d3       50%         1
 Swiftness                Air            0%         N/A       86%         3
 Airstrike                Air            0%         2d(0-16)  99%         4


Dungeon Overview and Level Annotations

Branches:
Dungeon (4/15)
 Temple: D:4-7

Altars:

Annotations:
D:3 Robin


Innate Abilities, Weirdness & Mutations

You sometimes gain a little power by taking damage.
You have a small tail.


Message History

The goblin hits you but does no damage. The hobgoblin hits you.
The goblin misses you.
Unknown command.
You closely miss the hobgoblin.
The hobgoblin is heavily wounded.
The goblin closely misses you. The giant cockroach closely misses you.
The goblin hits you but does no damage. The hobgoblin hits you.
The goblin barely misses you.
Unknown command.
You hit the hobgoblin.
You kill the hobgoblin!
The goblin closely misses you.
The giant cockroach bites you but does no damage.
Unknown command.
The goblin completely misses you.
Items here: ))))) ††††.
You hit Robin.
Robin is lightly wounded.
Robin hits you but does no damage. The goblin closely misses you. x2
Unknown command.
You barely miss Robin.
Robin is lightly wounded.
Robin hits you with a +0 dagger.
* * * LOW HITPOINT WARNING * * *
The goblin barely misses you. The goblin hits you with a +0 club.
* * * LOW HITPOINT WARNING * * *
The goblin hits you but does no damage.
Throw: 3 darts (curare)
Press: ? - help, Shift-Dir - straight line, f - Robin
Aim: Robin, wielding a +0 dagger, wearing a +0 animal skin and wearing a +0 helmet (lightly wounded, 68% to hit)
You throw a curare-tipped dart. The curare-tipped dart hits Robin.
Robin is poisoned.
Robin convulses.
Robin seems to slow down.
Robin is heavily wounded.
The goblin barely misses you. The goblin closely misses you.
The goblin barely misses you. Robin hits you but does no damage.
Okay, then.
The goblin attacks as you move away! The goblin hits you but does no damage.
The goblin attacks as you move away! The goblin hits you with a +0 dagger.
You die...

# ######### .#
........##.#
........g.## #
#.########@##.#....
#.#......gggJ......
#.#.......gB###....
#.#..#####...... .
#.#..# #..###..
#.#..# #..#
#.#..#####<.#
#...........#
#...^.......#


You could see Robin (very poisoned, slow), an endoplasm, a giant cockroach and 4
goblins.

Vanquished Creatures
  An orc priest (D:3)
  2 orc wizards (D:3)
  2 worms (D:3)
  2 dart slugs (D:1)
  An orc (D:3)
  6 ball pythons
  A bat (D:1)
  7 endoplasms
  A giant cockroach (D:1)
  11 goblins
  3 hobgoblins
  A quokka (D:3)
  6 frilled lizards
  4 kobolds
  4 rats (D:1)
52 creatures vanquished.

Notes
Turn   | Place    | Note
-------+----------+-------------------------------------------
     0 | D:1      | FlurksSlurper the Demonspawn Brigand began the quest for
                  | the Orb.
     0 | D:1      | Reached XP level 1. HP: 16/16 MP: 1/1
   130 | D:1      | Reached skill level 4 in Stealth
   155 | D:1      | Gained mutation: You sometimes gain a little power by
                  | taking damage. [demonic ancestry]
   155 | D:1      | Reached XP level 2. HP: 22/22 MP: 2/2
   661 | D:1      | Gained mutation: You have a small tail. [demonic ancestry]
   661 | D:1      | Reached XP level 3. HP: 27/27 MP: 3/3
   953 | D:2      | You fall into a shaft and drop 2 floors!
  1061 | D:3      | Reached skill level 1 in Armour
  1061 | D:3      | Reached skill level 1 in Dodging
  1061 | D:3      | Reached XP level 4. HP: 15/34 MP: 4/4
  1240 | D:3      | Identified the +3 ring mail of Dowdy Awe {rN+ MP+9 Str+3}
  1750 | D:3      | Noticed Robin
  1761 | D:3      | Reached XP level 5. HP: 30/39 MP: 5/5
  1776 | D:3      | Slain by a goblin

Illustrated notes

Levels and vault maps discovered:
D:1:      minmay_arrival_semitransparent, layout_basic, minmay_tiny_reverse_x
D:2:      layout_loops_cross
D:3:      layout_loops_ring, serial_shops, shop, hangedman_decor_push,
          uniq_robin
D:4:      layout_rooms

Skill      XL: |  1  2  3 |
---------------+----------+-----
Throwing       | 2 |  2.7
Stealth        | 4 |  4.3
Short Blades   | 2 |  2.5
Armour         | 1 |  1.4
Dodging        | 1 |  1.1
Fighting       | |  2.7

Action                     |  1- 3 |  4- 6 || total
---------------------------+-------+-------++-------
  Melee: Dagger            |   112 |    72 ||   184
         Punch             |     4 |     1 ||     5
         Tailslap          |     4 |     9 ||    13
  Throw: Dart              |     3 |     5 ||     8
    Use: Potion            |     1 |     1 ||     2
   Stab: Sleeping          |       |     2 ||     2
 Armour: Chain mail        |    56 |       ||    56
         Skin              |     9 |    18 ||    27
         Ring mail         |       |    51 ||    51
  Dodge: Dodged            |    29 |    44 ||    73

Table legend: (Time is in decaauts)
 A = Elapsed time spent in this place.
 B = Non-inter-level travel time spent in this place.
 C = Inter-level travel time spent in this place.
 D = Time resting spent in this place.
 E = Time spent auto-exploring this place.
 F = Levels seen in this place.
 G = Mean time per level.
                   A        B        C        D        E       F      G
               +--------+--------+--------+--------+--------+-----+--------+
         Total |   1740 |   1684 |     56 |    201 |   1053 |   4 |  435.0 |
       Dungeon |   1740 |   1684 |     56 |    201 |   1053 |   4 |  435.0 |
               +--------+--------+--------+--------+--------+-----+--------+

Top non-repeatable levels by time:
     D:1: 945 daAuts
     D:3: 761 daAuts
     D:4: 33 daAuts
